 Dungeon Crawl Stone Soup version 0.18-a0-1120-g03bd624 (webtiles) character file.

639 st0uf the Shield-Bearer (level 7, 0/56 HPs)
             Began as a Formicid Fighter on Jan 17, 2016.
             Succumbed to a scorpion's poison
             ... on level 6 of the Dungeon.
             The game lasted 00:08:25 (1959 turns).

st0uf the Shield-Bearer (Formicid Fighter)          Turns: 1959, Time: 00:08:25

Health: 0/56       AC:  7    Str: 21    XL:     7   Next: 80%
Magic:  7/7        EV: 15    Int:  7    God:
Gold:   41         SH: 11    Dex: 17    Spells: 0 memorised, 6 levels left

rFire  . . .     SeeInvis +     a - +0 quarterstaff
rCold  . . .     Gourm    .     b - +0 scale mail
rNeg   . . .     Faith    .     c - +0 shield
rPois  .         Spirit   .     (helmet unavailable)
rElec  .         Dismiss  .     (no cloak)
rCorr  .         Reflect  .     (no gloves)
SustAt .         Harm     .     (no boots)
MR     .....                    e - amulet of regeneration
Stlth  +.........               (no ring)
                                (no ring)

@: agile, lethally poisoned (0 -> 0), not resistant to hostile enchantments,
very unstealthy
A: permanent stasis, dig shafts and tunnels, four strong arms, antennae 3
a: Dig, Shaft Self


You were on level 6 of the Dungeon.
You were hungry.

You visited 1 branch of the dungeon, and saw 5 of its levels.

You collected 41 gold pieces.

Inventory:

Hand Weapons
 a - a +0 quarterstaff (weapon)
Armour
 b - a +0 scale mail (worn)
 c - a +0 shield (worn)
Jewellery
 e - an amulet of regeneration (around neck)
Wands
 l - a wand of cold (9/15)
Scrolls
 i - a scroll of magic mapping {unknown}
 j - a scroll of enchant weapon {unknown}
 k - 2 scrolls of remove curse {unknown}
 m - 2 scrolls of random uselessness {unknown}
 p - a scroll of identify
Potions
 d - a potion of might
Comestibles
 f - 3 bread rations
 n - a slice of pizza


   Skills:
 + Level 5.0 Fighting
 + Level 3.6 Staves
 + Level 5.4 Armour
 + Level 2.5 Dodging
 + Level 5.9 Shields


You had 6 spell levels left.
You didn't know any spells.

Dungeon Overview and Level Annotations

Branches:
Dungeon (6/15)
 Temple: D:4-7

Altars:
Fedhas
Nemelex Xobeh

Shops:
D:5 [


Innate Abilities, Weirdness & Mutations

You are under a permanent stasis effect.
You can dig through walls and to a lower floor.
Your four strong arms can wield two-handed weapons with a shield.
You have a pair of large antennae on your head (SInv).


Message History

You feel agile all of a sudden. You block the centaur's attack.
The centaur barely misses you. You block the scorpion's attack.
You closely miss the scorpion.
The scorpion is almost dead.
You feel sick.
The centaur hits you but does no damage.
You block the scorpion's attack.
You hit the scorpion.
You kill the scorpion!
Your Fighting skill increases to level 5!
The centaur hits you but does no damage. x2
You closely miss the centaur. You block the centaur's attack. x2
You hit the centaur.
The centaur is moderately wounded.
You block the centaur's attack. The centaur hits you.
* * * LOW HITPOINT WARNING * * *
You barely miss the centaur.
The centaur is lightly wounded.
You die...

#......#........
#......#........
#......#.....(..
#...............
#......#........
#.......<####
###.#'####
####.#.##########..
......(..(.(@c......
.............†......
.......##.######....
........... ...
.......(.... .
.............
#####.###.#### ..
...


You could see a centaur.

Vanquished Creatures
  2 ogres (D:5)
  A giant frog (D:5)
  2 scorpions
  A jelly (D:5)
  2 orc priests (D:5)
  A hound (D:4)
  3 orc wizards (D:5)
  An iguana (D:5)
  A worker ant (D:5)
  2 hound skeletons
  A worker ant zombie (D:6)
  A shadow imp (D:5)
  An ooze (D:5)
  A worm (D:5)
  6 orcs
  2 ball pythons
  A bat (D:2)
  3 goblins
  6 jackals (D:5)
  2 kobolds (D:1)
  A quokka (D:5)
  A ball python skeleton (D:5)
  A giant gecko zombie (D:5)
  A giant newt (D:5)
44 creatures vanquished.

Notes
Turn   | Place    | Note
--------------------------------------------------------------
     0 | D:1      | st0uf the Formicid Fighter began the quest for the Orb.
     0 | D:1      | Reached XP level 1. HP: 18/18 MP: 1/1
   111 | D:1      | Reached XP level 2. HP: 18/24 MP: 2/2
   202 | D:2      | You fall through a shaft for 2 floors!
   245 | D:4      | Reached skill level 4 in Shields
   245 | D:4      | Reached XP level 3. HP: 12/30 MP: 3/3
   470 | D:4      | Reached XP level 4. HP: 33/37 MP: 4/4
   487 | D:5      | Entered Level 5 of the Dungeon
   494 | D:5      | Reached skill level 1 in Dodging
   685 | D:5      | Noticed an ogre
   690 | D:5      | Killed an ogre
   690 | D:5      | Reached XP level 5. HP: 42/42 MP: 5/5
   706 | D:5      | Noticed an ogre
   711 | D:5      | Killed an ogre
   711 | D:5      | Reached skill level 5 in Shields
   711 | D:5      | Reached XP level 6. HP: 38/49 MP: 6/6
  1046 | D:5      | Reached XP level 7. HP: 19/55 MP: 7/7
  1050 | D:5      | Reached skill level 5 in Armour
  1358 | D:5      | Found Figejen's Armour Boutique.
  1511 | D:5      | Found a blossoming altar of Fedhas.
  1810 | D:5      | Found a sparkling altar of Nemelex Xobeh.
  1952 | D:6      | HP: 1/55 [centaur (3)]
  1956 | D:6      | Reached skill level 5 in Fighting
  1958 | D:6      | HP: 1/56 [centaur (3)]
  1959 | D:6      | Succumbed to a scorpion's poison

Vault maps used:
D:1:      minmay_arrival_wavy_path
D:2:      elyvilon_altar_1, gammafunk_temple_overflow_pools, uniq_jessica
D:5:      first_bread, serial_shops, nicolae_shop_behind_doors, basic_altar,
          nemelex_xobeh_ov_fountains_minmay
D:6:      minmay_klotski, temple_statues, uniq_prince_ribbit1

Action                   |  1- 3 |  4- 6 |  7- 9 || total
-------------------------+-------+-------+-------++-------
Melee: Quarterstaff      |    47 |    78 |   100 ||   225
  Use: Potion            |       |     2 |     2 ||     4
       Scroll            |       |     1 |       ||     1
  Eat: Chunk             |       |     1 |     2 ||     3
